 Dungeon Crawl Stone Soup version 0.29-a0-284-gf9362112df (webtiles) character file.

Game seed: 17219293247413933244

24 NinjaNoafa the Skirmisher (level 3, -1/31 HPs)
             Began as a Ghoul Monk on Mar 29, 2022.
             Was a Priest of Nemelex Xobeh.
             Slain by Robin
             ... wielding a +0 spear
              (3 damage)
             ... on level 2 of the Dungeon.
             The game lasted 00:07:48 (1170 turns).

NinjaNoafa the Skirmisher (Ghoul Monk)              Turns: 1170, Time: 00:07:48

Health: -1/31      AC:  3    Str: 14    XL:     3   Next: 2%
Magic:  2/2        EV: 12    Int: 13    God:    Nemelex Xobeh [***...]
Gold:   59         SH:  0    Dex: 11    Spells: 2/2 levels left

rFire   . . .      SeeInvis .     - Unarmed
rCold   + . .      Faith    .   (no shield)
rNeg    + + +      Spirit   .   c - +0 leather armour
rPois   ∞          Reflect  .   (no helmet)
rElec   .          Harm     .   (no cloak)
rCorr   .          Rampage  .   (no gloves)
Will    .....                   (no boots)
Stlth   ++........              (no amulet)
HPRegen 0.00/turn               h - +6 ring of intelligence
MPRegen 0.08/turn               (no ring)

@: brilliant, inhibited regen
A: claws 1, cold resistance 1, negative energy resistance 3, inhibited
regeneration, torment resistance 2
a: Renounce Religion, Draw Escape, Draw Destruction, Draw Summoning, Triple Draw


You were on level 2 of the Dungeon.
You worshipped Nemelex Xobeh.
Nemelex Xobeh was most pleased with you.
You visited 1 branch of the dungeon, and saw 2 of its levels.

You collected 59 gold pieces.

Inventory:

Hand Weapons
 e - a +0 dagger
Missiles
 d - a poisoned dart (quivered)
 f - 22 stones
Armour
 a - a +0 robe
 c - a +0 leather armour (worn)
Jewellery
 h - a +6 ring of intelligence (left claw)
Scrolls
 i - a scroll of vulnerability {unknown}
 j - a scroll of identify {unknown}
 l - a scroll of teleportation
Potions
 m - 2 potions of flight {unknown}


   Skills:
 + Level 3.6 Fighting
 + Level 0.5 Throwing
 + Level 0.2 Armour
 + Level 2.8 Dodging
 + Level 2.5 Stealth
 + Level 3.6 Unarmed Combat


You had 2 spell levels left.
You didn't know any spells.
Your spell library was empty.

Dungeon Overview and Level Annotations

Branches:
Dungeon (2/15)

Altars:
Nemelex Xobeh

Annotations:
D:2 Robin, Sigmund


Innate Abilities, Weirdness & Mutations

You thrive by killing the living.
You are immune to poison.
You have sharp fingernails.
Your flesh is cold resistant. (rC+)
You are immune to negative energy. (rN+++)
You do not regenerate when monsters are visible.
You are immune to unholy pain and torment.


Message History

You feel clever. x2
Your library has no spells.
You don't know any spells.
You throw a poisoned dart. The poisoned dart hits Robin.
Robin is poisoned.
Robin hits you from afar with a +0 spear.
You throw a poisoned dart. The poisoned dart hits Robin.
Robin looks even sicker.
Robin barely misses you.
Sigmund, a hobgoblin and a goblin come into view.
Sigmund is wielding a +0 scythe and wearing a +1 robe of willpower.
Sigmund gestures wildly while chanting.
Sigmund flickers and vanishes!
Deactivating autopickup; reactivate with Ctrl-A.
Things that are here:
a +0 club; a goblin corpse You are confused.
You feel invigorated.
A goblin comes into view. It is wielding a +0 dagger.
Something hits you. Robin hits you but does no damage.
Robin closely misses you.
You feel less invigorated.
You feel less confused.
You hear some strange, mumbled words.
A puff of flame appears from out of thin air!
The puff of flame hits you! Robin barely misses you.
Things that are here:
a +0 club; a goblin corpse It was a potion of brilliance.
You feel clever all of a sudden. Something hits you!
* * * LOW HITPOINT WARNING * * *
Robin hits you with a +0 spear.
* * * LOW HITPOINT WARNING * * *
Robin hits you from afar with a +0 spear.
* * * LOW HITPOINT WARNING * * *
It was a potion of lignification.
You feel woody for a moment. Something hits you.
* * * LOW HITPOINT WARNING * * *
Robin hits you from afar with a +0 spear.
You die...
Your body glows slightly and disappears.

#. ## .. .#
#g #.# #g
#.# #g #.#
#. #.#
#{##.###
#g)@...#
###....#
.### #....#
....##..<.#
#.........#
##...#....#
#........#
#........#
#..##...##


You could see Robin (poisoned).

Vanquished Creatures
  A ball python (D:1)
  2 endoplasms (D:1)
  4 goblins
  A hobgoblin (D:2)
  3 jackals (D:1)
  2 kobolds (D:1)
  5 bats (D:1)
  2 frilled lizards (D:1)
  A rat (D:1)
21 creatures vanquished.

Notes
Turn   | Place    | Note
-------+----------+-------------------------------------------
     0 | D:1      | NinjaNoafa the Ghoul Monk began the quest for the Orb.
     0 | D:1      | Reached XP level 1. HP: 19/19 MP: 0/0
   207 | D:2      | Found a faded altar of an unknown god.
   215 | D:2      | Reached XP level 2. HP: 26/26 MP: 1/1
   224 | D:2      | Prayed at the altar of an unknown god.
   224 | D:2      | Became a worshipper of Nemelex Xobeh the Trickster
   224 | D:2      | Reached * piety under Nemelex Xobeh
   224 | D:2      | Received a gift from Nemelex Xobeh
   224 | D:2      | Reached ** piety under Nemelex Xobeh
   224 | D:2      | Received a gift from Nemelex Xobeh
   240 | D:2      | Received a gift from Nemelex Xobeh
   677 | D:1      | Reached *** piety under Nemelex Xobeh
  1158 | D:2      | Noticed Robin
  1162 | D:2      | Reached XP level 3. HP: 22/31 MP: 2/2
  1164 | D:2      | Noticed Sigmund
  1170 | D:2      | Slain by Robin

Illustrated notes

Levels and vault maps discovered:
D:1:      elethiomel_arrival_maze, layout_basic
D:2:      layout_rooms, chequers_ecumenical_altar_simple, uniq_sigmund,
          uniq_robin

Action                   || total
-------------------------++-------
Melee: Unarmed           ||    57
       Punch             ||     1
Throw: Dart              ||    15
       Stone             ||     4
  Use: Scroll            ||     1
       Potion            ||     3
 Stab: Sleeping          ||     2
Armor: Leather armour    ||    28
Dodge: Dodged            ||    55

Table legend: (Time is in decaauts)
 A = Elapsed time spent in this place.
 B = Non-inter-level travel time spent in this place.
 C = Inter-level travel time spent in this place.
 D = Time resting spent in this place.
 E = Time spent auto-exploring this place.
 F = Levels seen in this place.
 G = Mean time per level.
                   A        B        C        D        E       F      G
               +--------+--------+--------+--------+--------+-----+--------+
         Total |   1165 |   1165 |      0 |    143 |      0 |   2 |  582.5 |
       Dungeon |   1165 |   1165 |      0 |    143 |      0 |   2 |  582.5 |
               +--------+--------+--------+--------+--------+-----+--------+

Top non-repeatable levels by time:
     D:1: 1070 daAuts
     D:2: 94 daAuts
